 Dungeon Crawl Stone Soup version 0.22-a0-567-gff9aefc (webtiles) character file.

221 theanonym the Cudgeler (level 5, -13/43 HPs)
             Began as a Mummy Chaos Knight on June 29, 2018.
             Mangled by Pikel
             ... wielding a +2 whip of electrocution
              (19 damage)
             ... on level 3 of the Dungeon.
             The game lasted 00:04:10 (2451 turns).

theanonym the Cudgeler (Mummy Chaos Knight)         Turns: 2451, Time: 00:04:11

Health: -13/43     AC: 12    Str: 16    XL:     5   Next: 65%
Magic:  5/5        EV:  3    Int: 12    God:    Xom [...*..]
Gold:   275        SH:  7    Dex: 11    Spells: 4/4 levels left

rFire    x . .     SeeInvis .   a - +0 mace (chaos)
rCold    + . .     Gourm    .   i - +0 shield
rNeg     + + +     Faith    .   m - +0 chain mail
rPois    ∞         Spirit   .   j - +0 helmet
rElec    .         Reflect  .   (no cloak)
rCorr    .         Harm     .   (no gloves)
MR       .....                  (no boots)
Stlth    ..........             (no amulet)
HPRegen  0.14/turn              c - +3 ring of protection
MPRegen  0.09/turn              (no ring)

@: no status effects
A: no food or potions, fire vulnerability, cold resistance 1, negative energy
resistance 3, torment resistance, unbreathing
a: Renounce Religion


Innate Abilities, Weirdness & Mutations

You do not eat or drink.
Your flesh is vulnerable to fire.
You are immune to poison.
Your flesh is cold resistant. (rC+)
You are immune to negative energy. (rN+++)
You are immune to unholy pain and torment.
You can survive without breathing.


   Skills:
 + Level 4.3 Fighting
 * Level 4.5 Maces & Flails
 - Level 1.6 Armour
 - Level 0.8 Dodging


You had 4 spell levels left.
You didn't know any spells.
Your spell library was empty.

Skill      XL: |  1  2  3  4 |
---------------+-------------+-----
Maces & Flails | 3 4 |  4.5
Fighting       | 4 |  4.3
Armour         | |  1.6
Dodging        | |  0.8

Action                   |  1- 3 |  4- 6 || total
-------------------------+-------+-------++-------
Melee: Mace              |    72 |   180 ||   252
 Stab: Paralysed         |       |     6 ||     6
Armor: Leather armour    |    32 |    89 ||   121
       Chain mail        |       |    31 ||    31
Dodge: Dodged            |    48 |    73 ||   121
Block: Shield            |       |    78 ||    78

Inventory:

Hand Weapons
 a - a +0 mace of chaos (weapon)
Armour
 b - a +2 leather armour
 i - a +0 shield (worn)
   (You found it on level 3 of the Dungeon)
 j - a +0 helmet (worn)
   (You found it on level 3 of the Dungeon)
 m - a +0 chain mail (worn)
   (You found it on level 3 of the Dungeon)
Jewellery
 c - a +3 ring of protection (left hand)
   (You found it on level 1 of the Dungeon)
 l - an uncursed ring of flight {unknown}
   (You found it on level 3 of the Dungeon)
Scrolls
 d - 6 scrolls of identify {unknown}
 e - a scroll of immolation {unknown}
 f - a scroll of teleportation {god gift, unknown}
 g - a scroll of amnesia {unknown}
 h - 3 scrolls of remove curse {unknown}
 k - a scroll of fear {unknown}


You were on level 3 of the Dungeon.
You worshipped Xom.
You were a favourite toy of Xom.
You were not hungry.

You visited 1 branch of the dungeon, and saw 4 of its levels.

You collected 275 gold pieces.

Dungeon Overview and Level Annotations

Branches:
Dungeon (4/15)
 Temple: D:4-7

Altars:
Ashenzari
Vehumet
Xom
The Shining One

Annotations:
D:3 Pikel

###.# ##.##.###.......## ##
.##.########<..#.##.....).<.####.
......^...........+.....)...'....
.##.########...#.##.........####.
###.# ##.##.###.......## ## # #.#
####†# ##.....## # ###.# #p#
##...## # ....# #####p# ##'## #
.#### #...K@# #.# # .# #.#####
#.# # .# #.# ##.## .# #.#
##...######## .# #.#
#............ ##
#.#########.......####
#............#.##.#
##########.....##.# ##..####.#


You could see Pikel and 2 slaves.

Notes
Turn   | Place    | Note
-------+----------+-------------------------------------------
     0 | D:1      | theanonym the Mummy Chaos Knight began the quest for the Orb.
     0 | D:1      | Reached XP level 1. HP: 18/18 MP: 1/1
     5 | D:1      | XOM: harmless Ice miscast
    55 | D:1      | XOM: potion effect (brilliance)
    66 | D:1      | Reached XP level 2. HP: 20/24 MP: 2/2
   118 | D:1      | XOM: divination: detect creatures
   305 | D:1      | Reached skill level 3 in Maces & Flails
   472 | D:1      | XOM: god gift: scroll labeled SEUTUO APRA {god gift}
   527 | D:2      | Reached XP level 3. HP: 22/29 MP: 3/3
   532 | D:2      | XOM: summons friendly ufetubus
   549 | D:2      | XOM: polymorph ufetubus -> white imp
   595 | D:2      | Noticed a scorpion
   602 | D:2      | Killed a scorpion
   602 | D:2      | Reached XP level 4. HP: 35/37 MP: 4/4
   915 | D:2      | Found a glowing golden altar of the Shining One.
   915 | D:2      | Found a radiant altar of Vehumet.
   916 | D:2      | Found a shattered altar of Ashenzari.
  1219 | D:3      | Reached skill level 4 in Fighting
  1219 | D:3      | Reached skill level 4 in Maces & Flails
  1347 | D:3      | XOM: harmless Pois miscast
  1352 | D:3      | Reached XP level 5. HP: 40/42 MP: 5/5
  1363 | D:3      | XOM: medium Fire miscast
  1363 | D:3      | HP: 19/42 [something (22)]
  1666 | D:3      | XOM: divination: detect creatures
  1843 | D:3      | XOM: mild Air miscast
  2294 | D:3      | XOM: 1-stop teleportation journey
  2365 | D:3      | XOM: noise
  2429 | D:4      | Noticed Pikel
  2429 | D:4      | Noticed a slave
  2429 | D:4      | Noticed a slave
  2437 | D:4      | XOM: summons friendly ufetubus
  2441 | D:4      | XOM: scenery: create altars
  2450 | D:3      | HP: 7/43 [Pikel/whip of electrocution (19)]
  2451 | D:3      | Mangled by Pikel

Vanquished Creatures
  A scorpion (D:2)
  An orc priest (D:3)
  6 adders
  2 oozes (D:3)
  2 worms
  2 dart slugs
  4 leopard geckos
  5 orcs (D:3)
  5 giant cockroaches
  4 goblins
  7 hobgoblins
  4 jackals (D:3)
  6 kobolds
  A quokka (D:3)
  12 bats
  A frilled lizard (D:1)
  A quokka skeleton (D:4)
  8 rats
72 creatures vanquished.

Vanquished Creatures (collateral kills)
  A worm (D:2)
  A quokka (D:2)
  3 bats (D:2)
  A frilled lizard (D:2)
  A rat (D:2)
7 creatures vanquished.

Grand Total: 79 creatures vanquished

Table legend:
 A = Turns spent in this place as a percentage of turns spent in the entire game.
 B = Non-inter-level travel turns spent in this place as a percentage of non-inter-level travel turns spent in the entire game.
 C = Inter-level travel turns spent in this place as a percentage of turns spent in this place.
 D = Turns resting spent in this place as a percentage of non-inter-level travel turns spent in this place.
 E = Turns spent auto-exploring this place as a percentage of non-inter-level travel turns spent in this place.
 F = Non-inter-level travel turns spent in this place divided by the number of levels of this place that you've seen.
                   A       B       C       D       E      F
               +-------+-------+-------+-------+-------+----------------------
         Total | 100.0 | 100.0 |   3.9 |  19.6 |  59.5 | 588.8
       Dungeon | 100.0 | 100.0 |   3.9 |  19.6 |  59.5 | 588.8
               +-------+-------+-------+-------+-------+----------------------
